 Dungeon Crawl Stone Soup version 0.23-a0-139-ga22e90c (webtiles) character file.

138661 Amnesiac the Devastator (level 16, -5/104 HPs)
             Began as a Mummy Air Elementalist on Aug 30, 2018.
             Was a High Priest of Sif Muna.
             Slain by a hornet (12 damage)
             ... created by a shambling mangrove
             ... on level 2 of the Swamp on Aug 31, 2018.
             The game lasted 01:38:25 (46266 turns).

Amnesiac the Devastator (Mummy Air Elementalist)   Turns: 46266, Time: 01:38:26

Health: -5/104     AC: 11    Str: 12    XL:     16   Next: 71%
Magic:  0/35       EV:  9    Int: 25    God:    Sif Muna [*****.]
Gold:   2851       SH:  5    Dex: 13    Spells: 6/45 levels left

rFire    . . .     SeeInvis +   J - +1 short sword of the Pharaoh's Fist {vamp, rPois Int+2 SInv}
rCold    + . .     Gourm    .   Q - +0 buckler (curse)
rNeg     + + +     Faith    .   w - +2 robe {Archmagi}
rPois    ∞         Spirit   +   K - +2 helmet {Int+3}
rElec    .         Reflect  .   c - scarf {Spirit}
rCorr    .         Harm     +   f - +0 pair of gloves of Cokameu {rPois rF+ MR+ Stlth-} (curse)
MR       +++..                  n - +2 pair of boots {Stlth+}
Stlth    ++........             I - amulet of harm
HPRegen  0.27/turn              h - ring of wizardry
MPRegen  0.24/turn              e - ring of wizardry

@: grasped by roots, no casting, deflect missiles, very slow
A: no food or potions, fire vulnerability, cold resistance 1, negative energy
resistance 3, torment resistance, unbreathing, in touch with death 1
a: Stop Divine Energy, Channel Magic, Forget Spell, Renounce Religion


You were on level 2 of the Swamp.
You worshipped Sif Muna.
Sif Muna was extremely pleased with you.
You were not hungry.

You visited 6 branches of the dungeon, and saw 27 of its levels.
You also visited: Labyrinth, Sewer, Ice Cave and Volcano.

You collected 2851 gold pieces.

Inventory:

Hand Weapons
 b - a +1 blowgun
 q - a +9 club
 J - the +1 short sword of the Pharaoh's Fist (weapon) {vamp, rPois Int+2 SInv}
   (You found it on level 6 of the Dungeon)

   It inflicts no extra harm, but heals its wielder when it wounds a living foe.
   It affects your intelligence (+2).
   It protects you from poison.
   It lets you see invisible.
Missiles
 d - 50 poisoned needles
Armour
 c - a scarf of spirit shield (worn)
 f - the cursed +0 pair of gloves of Cokameu (worn) {rPois rF+ MR+ Stlth-}
   (You found it in an ice cave)

   It protects you from fire.
   It protects you from poison.
   It affects your resistance to hostile enchantments.
   It makes you less stealthy.
   It has a curse placed upon it.
 n - a +2 pair of boots of stealth (worn)
 w - a +2 robe of the Archmagi (worn)
 C - a scarf of cloud immunity
 K - a +2 helmet of intelligence (worn)
 Q - a cursed +0 buckler (worn)
Magical Staves
 a - an uncursed staff of wizardry
Jewellery
 e - a ring of wizardry (right hand)
 h - a ring of wizardry (left hand)
 l - an uncursed ring of protection from fire
 t - an uncursed ring of see invisible
 B - an uncursed ring of flight
 D - a cursed -2 ring of evasion {unknown}
 I - an amulet of harm (around neck)
 N - an uncursed amulet of guardian spirit
Wands
 o - a wand of polymorph (25)
 r - a wand of enslavement (27)
 u - a wand of iceblast (35)
 v - a wand of flame (68)
 x - a wand of random effects (52)
 A - a wand of disintegration (7)
 F - a wand of digging (30)
 G - a wand of paralysis (16)
 L - a wand of acid (18)
Scrolls
 g - 6 scrolls of identify {!r}
 i - 7 scrolls of teleportation {!r}
 j - 2 scrolls of immolation {!r}
 k - a scroll of fog {!r}
 m - 8 scrolls of remove curse {!r}
 s - 2 scrolls of enchant armour {!r}
 y - a scroll of vulnerability {!r}
 z - 2 scrolls of magic mapping {!r}
 E - a scroll of silence {!r}
 O - 2 scrolls of fear {!r}
 P - 4 scrolls of blinking {!r}
Miscellaneous
 p - a fan of gales


   Skills:
 + Level 3.0 Fighting
 * Level 4.1 Dodging
 - Level 1.5 Stealth
 - Level 4.0 Shields
 - Level 15.0 Spellcasting
 - Level 15.0 Conjurations
 + Level 15.0 Air Magic
 - Level 8.0 Invocations


You had 6 spell levels left.
You knew the following spells:

 Your Spells              Type           Power        Failure   Level  Hunger
a - Airstrike             Air            #######...   1%          4    N/A
b - Chain Lightning       Conj/Air       #######...   11%         8    N/A
c - Deflect Missiles      Chrm/Air       ######....   5%          6    N/A
d - Lightning Bolt        Conj/Air       #######...   1%          5    N/A
e - Orb of Destruction    Conj           #######...   1%          7    N/A
q - Irradiate             Conj/Tmut      ######....   1%          5    N/A
v - Blink                 Tloc           N/A          1%          2    N/A
z - Swiftness             Chrm/Air       ######..     1%          2    N/A

Your spell library contained the following spells:

 Spells                   Type           Power        Failure   Level  Hunger
 Magic Dart               Conj           ####         0%          1    N/A
 Shock                    Conj/Air       ####         0%          1    N/A
 Searing Ray              Conj           ######       0%          2    N/A
 Static Discharge         Conj/Air       #######.     0%          3    N/A
 Corona                   Hex            ####...      1%          1    N/A
 Flame Tongue             Conj/Fire      #####        1%          1    N/A
 Freeze                   Ice            ####         1%          1    N/A
 Pain                     Necr           ####         1%          1    N/A
 Sandblast                Erth           ####..       1%          1    N/A
 Sting                    Conj/Pois      ####         1%          1    N/A
 Summon Butterflies       Summ           ####....     1%          1    N/A
 Summon Small Mammal      Summ           ####         1%          1    N/A
 Call Imp                 Summ           ####....     1%          2    N/A
 Corpse Rot               Necr           N/A          1%          2    N/A
 Poisonous Vapours        Pois/Air       ######       1%          2    N/A
 Shroud of Golubria       Chrm/Tloc      ####......   1%          2    N/A
 Slow                     Hex            ####....     1%          2    N/A
 Sticks to Snakes         Tmut           ####....     1%          2    N/A
 Throw Frost              Conj/Ice       ######       1%          2    N/A
 Conjure Flame            Conj/Fire      ######..     1%          3    N/A
 Dazzling Spray           Conj/Hex       ######       1%          3    N/A
 Mephitic Cloud           Conj/Pois/Air  #######.     1%          3    N/A
 Force Lance              Conj/Tloc      ######..     1%          4    N/A
 Fulminant Prism          Conj/Hex       ######....   1%          4    N/A
 Iskenderun's Mystic Bla  Conj           #######.     1%          4    N/A
 Sticky Flame             Conj/Fire      ######..     1%          4    N/A
 Summon Lightning Spire   Summ/Air       ######..     1%          4    N/A
 Throw Icicle             Conj/Ice       ######..     1%          4    N/A
 Bolt of Draining         Conj/Necr      #######...   1%          5    N/A
 Fireball                 Conj/Fire      ######....   1%          5    N/A
 Iskenderun's Battlesphe  Conj/Chrm      ######..     1%          5    N/A
 Silence                  Hex/Air        ######....   1%          5    N/A
 Venom Bolt               Conj/Pois      ######....   1%          5    N/A
 Conjure Ball Lightning   Conj/Air       #######...   1%          6    N/A
 Call Canine Familiar     Summ           ####....     2%          3    N/A
 Ignite Poison            Fire/Tmut/Pois ####....     2%          3    N/A
 Inner Flame              Hex/Fire       ####....     2%          3    N/A
 Ozocubu's Armour         Chrm/Ice       ####....     2%          3    N/A
 Portal Projectile        Hex/Tloc       ####..       2%          3    N/A
 Summon Guardian Golem    Hex/Summ       ####....     2%          3    N/A
 Vampiric Draining        Necr           #####.....   2%          3    N/A
 Freezing Cloud           Conj/Ice/Air   #######...   2%          6    N/A
 Bolt of Magma            Conj/Fire/Erth ######....   3%          5    N/A
 Bolt of Cold             Conj/Ice       ######....   5%          6    N/A
 Bolt of Fire             Conj/Fire      ######....   5%          6    N/A
 Iron Shot                Conj/Erth      ######....   5%          6    N/A
 Poison Arrow             Conj/Pois      ######....   5%          6    N/A
 Cause Fear               Hex            ####......   8%          4    N/A
 Leda's Liquefaction      Hex/Erth       ####......   8%          4    N/A
 Olgreb's Toxic Radiance  Pois           ####....     8%          4    N/A
 Petrify                  Tmut/Erth      ####....     8%          4    N/A
 Summon Ice Beast         Ice/Summ       ####....     8%          4    N/A
 Alistair's Intoxication  Tmut/Pois      ####....     21%         5    N/A
 Dispel Undead            Necr           #####...     21%         5    N/A
 Metabolic Englaciation   Hex/Ice        ####......   21%         5    N/A
 Summon Mana Viper        Hex/Summ       ####....     21%         5    N/A
 Invisibility             Hex            ####....     71%         6    N/A
 Ozocubu's Refrigeration  Ice            ####......   71%         6    N/A
 Simulacrum               Ice/Necr       #####.....   71%         6    N/A
 Spellforged Servitor     Conj/Summ      ######....   28%         7    N/A
 Tornado                  Air            #######...   80%         9    N/A
 Haunt                    Necr/Summ      #####.....   99%         7    N/A
 Ring of Flames           Chrm/Fire      ####......   99%         7    N/A
 Summon Greater Demon     Summ           ####......   99%         7    N/A
 Summon Hydra             Summ           ####......   99%         7    N/A
 Infestation              Necr           #####.....   100%        8    N/A
 Dragon's Call            Summ           ####......   100%        9    N/A
 Fire Storm               Conj/Fire      ######....   100%        9    N/A
 Glaciate                 Conj/Ice       ######....   100%        9    N/A
 Beastly Appendage        Tmut           Unusable     N/A         1    N/A
 Spider Form              Tmut/Pois      Unusable     N/A         3    N/A
 Ice Form                 Ice/Tmut       Unusable     N/A         4    N/A
 Blade Hands              Tmut           Unusable     N/A         5    N/A
 Hydra Form               Tmut           Unusable     N/A         6    N/A
 Statue Form              Tmut/Erth      Unusable     N/A         6    N/A
 Dragon Form              Tmut           Unusable     N/A         7    N/A
 Borgnjor's Revivificati  Necr           Unusable     N/A         8    N/A
 Death's Door             Chrm/Necr      Unusable     N/A         8    N/A
 Necromutation            Tmut/Necr      Unusable     N/A         8    N/A

Dungeon Overview and Level Annotations

Branches:
Dungeon (15/15)            Temple (1/1) D:6            Lair (6/6) D:11
  Swamp (2/4) Lair:3        Snake (1/4) Lair:2        Slime (0/5) Lair:6
    Orc (2/2) D:10            Elf (0/3) Orc:2        Vaults (0/5) D:14
 Depths (0/5) D:15

Altars:
Ashenzari
Cheibriados
Dithmenos
Elyvilon
Fedhas
Gozag
Hepliaklqana
Kikubaaqudgha
Makhleb
Nemelex Xobeh
Okawaru
Qazlal
Ru
Sif Muna
Trog
Uskayaw
Vehumet
Wu Jian
Xom
Yredelemnul
Zin
The Shining One
Beogh
Jiyva

Shops:
D:4 (   D:13 *   D:14 *   Orc:2 (!}!


Innate Abilities, Weirdness & Mutations

You do not eat or drink.
Your flesh is vulnerable to fire.
You are immune to poison.
Your flesh is cold resistant. (rC+)
You are immune to negative energy. (rN+++)
You are immune to unholy pain and torment.
You can survive without breathing.
You are in touch with the powers of death.


Message History

Casting: Airstrike (safe; 1% risk of failure)
Confirm with . or Enter, or press ? or * to list all spells.
Aiming: Airstrike (safe; 1% risk of failure)
Press: ? - help, Dir - move target cursor, f/p - shambling mangrove
Aim: a shambling mangrove (heavily damaged)
You feel a surge of power!
The air twists around and strikes the shambling mangrove!
The shambling mangrove is heavily damaged.
Roots grasp at your feet, making movement difficult.
Casting: Airstrike (safe; 1% risk of failure)
Confirm with . or Enter, or press ? or * to list all spells.
Aiming: Airstrike (safe; 1% risk of failure)
Press: ? - help, Dir - move target cursor, f/p - shambling mangrove
Aim: a shambling mangrove (heavily damaged)
You feel a surge of power!
The air twists around and strikes the shambling mangrove!
The shambling mangrove is heavily damaged.
Tangled roots snake along the ground.
Angry insects surge out from beneath the shambling mangrove's foliage!
Casting: Airstrike (safe; 1% risk of failure)
Confirm with . or Enter, or press ? or * to list all spells.
Aiming: Airstrike (safe; 1% risk of failure)
Press: ? - help, Dir - move target cursor, f/p - shambling mangrove
Aim: a shambling mangrove (water, heavily damaged)
You feel a surge of power!
The air twists around and strikes the shambling mangrove!
The shambling mangrove is severely damaged.
Tangled roots snake along the ground.
The hornet closely misses you.
Casting: Airstrike (safe; 1% risk of failure)
Confirm with . or Enter, or press ? or * to list all spells.
Aiming: Airstrike (safe; 1% risk of failure)
Press: ? - help, Dir - move target cursor, f/p - shambling mangrove
Aim: a shambling mangrove (water, severely damaged)
You feel a surge of power!
The air twists around and strikes the shambling mangrove!
The shambling mangrove is almost destroyed.
The hornet stings you! x2
Casting: Airstrike (safe; 1% risk of failure)
Confirm with . or Enter, or press ? or * to list all spells.
Aiming: Airstrike (safe; 1% risk of failure)
Press: ? - help, Dir - move target cursor, f/p - shambling mangrove
Aim: a shambling mangrove (severely damaged)
You feel a surge of power!
The air twists around and strikes the shambling mangrove!
The shambling mangrove is almost destroyed.
The hornet stings you! The hornet barely misses you.
You block the shambling mangrove's attack.
The hornet stings you!
Casting: Airstrike (safe; 1% risk of failure)
Confirm with . or Enter, or press ? or * to list all spells.
Aiming: Airstrike (safe; 1% risk of failure)
Press: ? - help, Dir - move target cursor, f/p - shambling mangrove
Aim: a shambling mangrove (almost destroyed)
You feel a surge of power!
The air twists around and strikes the shambling mangrove!
The shambling mangrove is almost destroyed.
Sif Muna grants you divine energy.
You briefly lose access to your magic!
The hornet stings you!
* * * LOW HITPOINT WARNING * * *
The hornet closely misses you. The shambling mangrove hits you!!
* * * LOW HITPOINT WARNING * * *
The hornet stings you!
You die...

♣♣♣♣♣ ♣♣....♣ ♣ ♣§.≈≈≈≈♣♣♣†
♣♣.≈≈≈.≈≈) ♣§...>...♣
♣..%...≈≈♣♣♣♣♣ ......fyy♣≈.≈♣
≈≈....≈@♣≈..♣♣ ≈≈≈..≈≈.♣....♣♣
≈≈..≈≈≈....≈≈.♣ ≈≈.≈≈≈≈≈...≈≈.♣
♣♣ ♣.≈≈≈≈≈≈≈.....♣♣♣..≈♣ ...
.≈≈≈≈≈≈≈≈..♣♣♣≈≈≈≈.♣♣ ..♣♣.
≈≈≈♣♣≈.≈≈≈≈≈≈≈≈.♣♣.≈≈≈≈.♣ ♣♣♣....
...≈....≈≈≈≈≈≈≈.♣♣♣≈≈≈≈.♣♣♣<..≈.≈
♣≈..≈..≈§..≈....♣ ♣♣≈≈≈♣♣♣..≈≈≈.♣


You could see a shambling mangrove and 2 hornets.

Vanquished Creatures
  Nikola (Swamp:1)
  2 thorn hunters (Swamp:2)
  2 entropy weavers (Lair:4)
  A dire elephant (Lair:6)
  A minotaur (Lab)
  Josephine (D:14)
  An ettin (D:15)
  A fire dragon (Volcano)
  The ghost of Nicwaq the Pandemonic, a journeyman HOMo of Makhleb (Orc:1)
  10 hydras
  An ogre mage (D:15)
  4 vault guards (D:14)
  A merfolk avatar (Lair:6)
  A catoblepas (Lair:4)
  4 ghost crabs
  3 alligators
  3 centaur warriors
  3 death yaks (Lair:5)
  7 two-headed ogres
  A tengu warrior (D:15)
  4 orc high priests (Orc:2)
  4 skeletal warriors (D:12)
  6 fire crabs
  4 wizards
  4 swamp dragons (Swamp:2)
  6 orc knights
  A shambling mangrove (Swamp:1)
  A necromancer (IceCv)
  An oklob plant (Lair:4)
  5 orc sorcerers
  11 ugly things
  3 salamanders (Volcano)
  3 deep elf magi
  2 cyclopes
  4 manticores
  15 elephants
  An apocalypse crab (Lair:4)
  An ice statue (IceCv)
  A naga mage (Snake:1)
  7 black mambas
  A gargoyle (D:14)
  14 spiny frogs
  4 komodo dragons
  4 rime drakes
  10 freezing wraiths (IceCv)
  2 ice devils (D:14)
  An efreet (D:15)
  8 polar bears
  4 tyrant leeches
  7 hornets
  8 trolls
  10 hippogriffs
  2 wind drakes (Lair:6)
  12 blink frogs
  13 slime creatures
  7 bog bodies
  7 dream sheep
  2 shadows
  5 spriggans
  2 redbacks (Lab)
  2 vampires (D:14)
  8 wraiths
  13 wyverns
  2 fire bats (Volcano)
  53 yaks
  10 hungry ghosts
  2 death yak simulacra (IceCv)
  4 vampire mosquitoes
  10 basilisks
  A basilisk (shapeshifter) (D:14)
  2 steam dragons (Volcano)
  5 insubstantial wisps (Swamp:2)
  Menkaure (D:6)
  5 nagas (Lair:2)
  11 swamp worms
  2 wargs
  17 water moccasins
  A soldier ant (D:8)
  Duvessa (D:5)
  2 acid dragons
  A swamp drake (shapeshifter) (D:14)
  29 orc warriors
  7 porcupines
  8 ice beasts
  3 black bears
  2 phantoms
  2 hornet zombies
  4 sky beasts
  3 swamp drakes (Swamp:1)
  A necrophage (D:8)
  12 wolves
  17 ogres
  9 centaurs
  18 crocodiles
  7 big kobolds
  14 bullfrogs
  5 scorpions
  Dowan (D:5)
  18 wights
  23 killer bees
  6 howler monkeys
  A vampire bat (D:4)
  2 electric eels
  2 bullfrog zombies
  9 crimson imps
  3 quasits
  5 centaur zombies
  4 draconian simulacra (IceCv)
  36 orc priests
  3 bullfrog skeletons
  5 hounds
  3 jellies
  30 orc wizards
  8 centaur skeletons
  6 iguanas
  Ijyb (D:4)
  3 spriggan simulacra (IceCv)
  13 worker ants
  2 polar bear simulacra (IceCv)
  4 troll simulacra (IceCv)
  3 centaur simulacra
  2 hound zombies
  A howler monkey zombie (D:6)
  11 adders
  4 gnolls
  A howler monkey skeleton (D:10)
  3 naga simulacra (IceCv)
  4 ogre simulacra (IceCv)
  3 river rats (D:3)
  5 shadow imps
  12 white imps (IceCv)
  3 oozes
  An adder skeleton (D:5)
  A worm (D:2)
  2 dart slugs (D:1)
  4 leopard geckos
  85 orcs
  4 ball pythons
  2 bat skeletons (D:4)
  3 bat zombies (D:4)
  4 giant cockroaches
  12 hobgoblins
  10 jackals
  7 quokkas
  8 bats
  3 frilled lizards
  15 goblins
  37 kobolds
  A leopard gecko zombie (D:6)
  A quokka skeleton (D:5)
  13 rats
  3 plants
1006 creatures vanquished.

Vanquished Creatures (others)
  2 wyverns (Volcano)
  2 steam dragons (Volcano)
  An insubstantial wisp (Swamp:2)
  A killer bee (D:10)
  13 fungi
  57 plants
76 creatures vanquished.

Grand Total: 1082 creatures vanquished

Notes
Turn   | Place    | Note
-------+----------+-------------------------------------------
     0 | D:1      | Amnesiac the Mummy Air Elementalist began the quest for the
                  | Orb.
     0 | D:1      | Reached XP level 1. HP: 13/13 MP: 4/4
   344 | D:1      | Reached XP level 2. HP: 17/19 MP: 0/5
   348 | D:1      | Learned a level 2 spell: Swiftness
   731 | D:3      | Reached XP level 3. HP: 13/24 MP: 5/7
   844 | D:3      | Found a glowing golden altar of the Shining One.
  1007 | D:3      | Found a glowing drain.
  1162 | Sewer    | Entered a sewer
  1213 | Sewer    | Reached XP level 4. HP: 30/30 MP: 4/9
  1287 | Sewer    | Noticed a big kobold
  1301 | Sewer    | Killed a big kobold
  1301 | Sewer    | Reached XP level 5. HP: 27/35 MP: 0/11
  1316 | Sewer    | Learned a level 4 spell: Airstrike
  1322 | Sewer    | Learned a level 5 spell: Lightning Bolt
  1631 | Sewer    | Reached XP level 6. HP: 17/41 MP: 7/13
  1797 | D:3      | Reached skill level 5 in Spellcasting
  1797 | D:3      | Reached skill level 5 in Air Magic
  1928 | D:5      | Entered Level 5 of the Dungeon
  2263 | D:4      | Found a shattered altar of Ashenzari.
  2494 | D:4      | Reached XP level 7. HP: 23/46 MP: 5/15
  2765 | D:4      | Found Urycviw's Weapon Emporium.
  2899 | D:4      | Found an opulent altar of Gozag.
  2963 | D:4      | Noticed a hippogriff
  2971 | D:4      | Killed a hippogriff
  3680 | D:5      | Found a hide-covered altar of Uskayaw.
  3699 | D:5      | Reached XP level 8. HP: 52/52 MP: 6/18
  4025 | D:5      | Noticed Dowan
  4029 | D:5      | Killed Dowan
  4132 | D:5      | Noticed Duvessa
  4164 | D:5      | Killed Duvessa
  4722 | D:6      | Found a staircase to the Ecumenical Temple.
  4731 | Temple   | Entered the Ecumenical Temple
  4798 | Temple   | Became a worshipper of Sif Muna the Loreminder
  6357 | D:3      | Found a faded altar of an unknown god.
  6805 | D:4      | Found an ancient bone altar of Kikubaaqudgha.
  6805 | D:4      | Noticed Ijyb
  6806 | D:4      | Reached skill level 1 in Conjurations
  6816 | D:4      | Killed Ijyb
  7032 | D:6      | Noticed Menkaure
  7035 | D:6      | Killed Menkaure
  7089 | D:6      | Got a fine short sword
  7110 | D:6      | Reached XP level 9. HP: 57/57 MP: 1/21
  7169 | D:6      | Found a sparkling altar of Nemelex Xobeh.
  7293 | D:6      | Found a sparkling altar of Nemelex Xobeh.
  7555 | D:7      | Reached * piety under Sif Muna
  7625 | D:7      | Found a white marble altar of Elyvilon.
  7719 | D:7      | Reached skill level 5 in Conjurations
  8174 | D:7      | Found a shadowy altar of Dithmenos.
  8284 | D:7      | Reached ** piety under Sif Muna
  8300 | D:7      | Found a stormy altar of Qazlal.
  8300 | D:7      | Found an ornate altar of the Wu Jian Council.
  8302 | D:7      | Found a snail-covered altar of Cheibriados.
  8303 | D:7      | Found a bloodstained altar of Trog.
  8926 | D:9      | Reached *** piety under Sif Muna
  9107 | D:8      | Reached XP level 10. HP: 45/63 MP: 1/22
  9269 | D:8      | Noticed a centaur warrior
  9269 | D:8      | Noticed a cyan ugly thing
  9686 | D:9      | Found a burning altar of Makhleb.
  9970 | D:7      | Learned a level 3 spell: Mephitic Cloud
 10111 | D:4      | Identified the +1 short sword of the Pharaoh's Fist {vamp,
                  | rPois Int+2 SInv} (You found it on level 6 of the Dungeon)
 10386 | D:8      | Learned a level 2 spell: Blink
 10390 | D:8      | Learned a level 3 spell: Conjure Flame
 10703 | D:8      | Killed a centaur warrior
 10703 | D:8      | Reached **** piety under Sif Muna
 12275 | D:10     | Entered Level 10 of the Dungeon
 12500 | D:10     | Noticed a two-headed ogre
 12514 | D:10     | Killed a two-headed ogre
 12514 | D:10     | Reached XP level 11. HP: 68/68 MP: 0/24
 12554 | D:10     | Reached ***** piety under Sif Muna
 12690 | D:10     | Found a staircase to the Orcish Mines.
 13983 | D:8      | Killed a cyan ugly thing
 14440 | D:11     | Identified Xuaxeleatech's Reference Book on Confrontation
                  | (Sif Muna gifted it to you on level 11 of the Dungeon)
 14440 | D:11     | Received a gift from Sif Muna
 14450 | D:11     | Learned a level 5 spell: Irradiate
 14999 | D:11     | Reached skill level 10 in Conjurations
 15044 | D:11     | Found a staircase to the Lair.
 15233 | D:12     | Noticed a skeletal warrior
 15235 | D:12     | Noticed a skeletal warrior
 15265 | D:12     | Killed a skeletal warrior
 15265 | D:12     | Reached skill level 10 in Spellcasting
 15265 | D:12     | Reached skill level 10 in Air Magic
 15265 | D:12     | Reached skill level 1 in Invocations
 15269 | D:12     | Noticed a skeletal warrior
 15499 | D:12     | Noticed a deep elf mage
 15506 | D:12     | Noticed a wizard
 15508 | D:12     | Killed a deep elf mage
 15508 | D:12     | Noticed a deep elf mage
 15536 | D:13     | Noticed a deep elf mage
 15545 | D:13     | Found a labyrinth entrance.
 15545 | D:13     | Noticed a brown ugly thing
 15548 | Lab      | Entered a labyrinth
 16464 | Lab      | Noticed a minotaur
 16472 | Lab      | Killed a minotaur
 16627 | D:13     | Noticed a centaur warrior
 16631 | D:13     | Killed a centaur warrior
 16650 | D:13     | Reached XP level 12. HP: 20/74 MP: 9/26
 17574 | D:12     | Identified the Grimoire of Axaxaxas mlö
 17581 | D:12     | Identified the Compendium of Combed Thunderclap
 17728 | D:12     | Identified Sif Muna's Disquisition on Evil Enhancements
                  | (Sif Muna gifted it to you on level 12 of the Dungeon)
 17728 | D:12     | Received a gift from Sif Muna
 17865 | D:12     | Identified Sif Muna's Compendium of Sand
 18217 | Orc:1    | Entered Level 1 of the Orcish Mines
 18898 | Orc:2    | Entered Level 2 of the Orcish Mines
 18994 | Orc:2    | Noticed an orc high priest
 19132 | Orc:2    | Killed an orc high priest
 19267 | Orc:2    | Noticed an orc high priest
 19401 | Orc:2    | Noticed an orc high priest
 19406 | Orc:2    | Killed an orc high priest
 19406 | Orc:2    | Killed an orc high priest
 20278 | Orc:2    | Noticed an orc high priest
 20283 | Orc:2    | Killed an orc high priest
 20695 | Orc:2    | Gained mutation: You are in touch with the powers of death.
                  | [Mummy growth]
 20695 | Orc:2    | Reached XP level 13. HP: 79/79 MP: 0/28
 21471 | Orc:2    | Found a staircase to the Elven Halls.
 21628 | Orc:2    | Found Kuvech's Gadget Shoppe.
 21628 | Orc:2    | Found Pyotostre's Antique Weapon Emporium.
 21629 | Orc:2    | Found Oskeirit's Distillery.
 21634 | Orc:2    | Found Pim Em Gip's Distillery.
 21662 | Orc:2    | Identified Sif Muna's Handbook of Unstable Necromancy (Sif
                  | Muna gifted it to you on level 2 of the Orcish Mines)
 21662 | Orc:2    | Received a gift from Sif Muna
 22657 | Orc:1    | Reached skill level 5 in Invocations
 22851 | Orc:1    | Found a runed gate.
 22853 | Orc:1    | Found a runed gate.
 22853 | Orc:1    | Found a runed gate.
 22861 | Orc:1    | Noticed Nicwaq's ghost (journeyman HOMo)
 22873 | Orc:1    | Found a roughly hewn altar of Beogh.
 23185 | Orc:1    | Killed Nicwaq's ghost
 23562 | Orc:1    | Got a slimy great mace {flame}
 23562 | Orc:1    | Got an ancient chain mail
 23747 | Orc:1    | Got a translucent long sword
 23749 | Orc:1    | Got a jewelled hat
 23763 | Orc:1    | Identified the +1 hat "Oxaom" {rC+ rCorr Dex-5 Slay+3} (You
                  | found it on level 1 of the Orcish Mines)
 23804 | Orc:1    | Identified the +7 chain mail of Naejip {rPois MP+9 Str+7
                  | Dex-3} (You took it off an orc knight on level 1 of the
                  | Orcish Mines)
 23914 | Orc:1    | Learned a level 8 spell: Chain Lightning
 25111 | D:13     | Identified Sif Muna's Papyrus of Flight (Sif Muna gifted it
                  | to you on level 13 of the Dungeon)
 25111 | D:13     | Received a gift from Sif Muna
 25165 | D:13     | Learned a level 6 spell: Deflect Missiles
 25743 | D:13     | Found Qaufot's Assorted Antiques.
 26124 | D:14     | Noticed Josephine
 26138 | D:14     | Killed Josephine
 26401 | D:14     | Found a frozen archway.
 26413 | IceCv    | Entered an ice cave
 26419 | IceCv    | Reached XP level 14. HP: 85/85 MP: 1/30
 26438 | IceCv    | Identified the +6 long sword of the Pyrrhic Victory {drain,
                  | rF- rC+++ MR++ Str-5} (You found it on level 1 of the
                  | Orcish Mines)
 26439 | IceCv    | Identified the cursed +2 great mace "Kelel" {flame, rN+
                  | Int+4} (You took it off an orc knight on level 1 of the
                  | Orcish Mines)
 27441 | IceCv    | Found an ancient bone altar of Kikubaaqudgha.
 28191 | IceCv    | Received a gift from Sif Muna
 28206 | IceCv    | Learned a level 7 spell: Orb of Destruction
 28349 | IceCv    | Got a pair of encrusted gloves
 28912 | D:14     | Found Dinokaum's Blood Bar.
 29649 | D:14     | Found a gate to the Vaults.
 30297 | D:15     | Entered Level 15 of the Dungeon
 31009 | D:15     | Found a staircase to the Depths.
 31706 | Lair:1   | Entered Level 1 of the Lair of Beasts
 31747 | Lair:1   | Identified the cursed +0 pair of gloves of Cokameu {rPois
                  | rF+ MR+ Stlth-} (You found it in an ice cave)
 31829 | Lair:1   | Identified Sif Muna's Reference Book on Companions (Sif
                  | Muna gifted it to you on level 1 of the Lair of Beasts)
 31829 | Lair:1   | Received a gift from Sif Muna
 31969 | Lair:1   | Found a dark tunnel.
 31974 | Volcano  | Entered a volcano
 32114 | Volcano  | Learned a level 4 spell: Airstrike
 33520 | Lair:1   | Got a sheer robe
 34113 | Lair:2   | Found a staircase to the Snake Pit.
 34536 | Lair:2   | Reached skill level 1 in Shields
 34536 | Lair:2   | Reached XP level 15. HP: 90/90 MP: 0/32
 34698 | Lair:2   | Identified the +2 robe "Dees" {*Slow MP+9 Str+7 Dex+9} (You
                  | found it on level 1 of the Lair of Beasts)
 35464 | Lair:3   | Found a staircase to the Swamp.
 36807 | Lair:4   | Found a runed door.
 37903 | Lair:4   | Identified Sif Muna's Almanac of Feathers (Sif Muna gifted
                  | it to you on level 4 of the Lair of Beasts)
 37903 | Lair:4   | Received a gift from Sif Muna
 40051 | Lair:6   | Entered Level 6 of the Lair of Beasts
 40515 | Lair:6   | Identified Sif Muna's Reference Book on Confrontation (Sif
                  | Muna gifted it to you on level 6 of the Lair of Beasts)
 40515 | Lair:6   | Received a gift from Sif Muna
 40515 | Lair:6   | Reached XP level 16. HP: 23/96 MP: 3/34
 42006 | Lair:6   | Found a viscous altar of Jiyva.
 42007 | Lair:6   | Found a staircase to the Slime Pits.
 42398 | Lair:6   | Got a warped trident
 42495 | Lair:5   | Identified the +4 trident "Fuvveuxza" {pierce, +Inv rF+ rN+
                  | Dex-2} (You found it on level 6 of the Lair of Beasts)
 42583 | Snake:1  | Entered Level 1 of the Snake Pit
 42800 | Swamp:1  | Entered Level 1 of the Swamp
 42800 | Swamp:1  | Noticed Nikola
 42817 | Swamp:1  | Killed Nikola
 44037 | Swamp:1  | Reached skill level 15 in Conjurations
 44069 | Swamp:1  | Found a glowing silver altar of Zin.
 44412 | Swamp:2  | Reached skill level 15 in Air Magic
 44415 | Swamp:2  | Reached skill level 15 in Spellcasting
 44582 | Swamp:2  | Noticed a thorn hunter
 44582 | Swamp:2  | Noticed a thorn hunter
 44585 | Swamp:2  | Reached skill level 1 in Fighting
 44749 | Swamp:2  | Killed a thorn hunter
 44749 | Swamp:2  | Identified Sif Muna's Almanac of Gliding Damage Dealing
                  | (Sif Muna gifted it to you on level 2 of the Swamp)
 44749 | Swamp:2  | Received a gift from Sif Muna
 45126 | Swamp:2  | Killed a thorn hunter
 45804 | Swamp:2  | Identified the Grimoire of Ashen Companions
 46266 | Swamp:2  | Slain by a hornet

Vault maps used:
D:1:      minmay_arrival_shoal_huts
D:3:      nicolae_overflow_crystal_walls,
          chequers_ecumenical_altar_simple_redux, gup_sewer_entry_bowl,
          minmay_misc_feat_diagonals, serial_bayou_ford_a
D:4:      nicolae_overflow_hidden_temple, kennysheep_vampire_church,
          evilmike_ruin_ashenzari, serial_shops, nicolae_shop_crystal,
          first_ration, minmay_ogre_servants, uniq_ijyb
D:5:      kennysheep_mini, uniq_duvessa
D:6:      nemelex_xobeh_ov_fountains_minmay, minmay_temple_entry_trees,
          nemelex_spade_bored_becter, uniq_menkaure
D:7:      nicolae_dithmenos_the_darkroom, elyvilon_altar_5,
          grunt_temple_overflow_cloverleaf, grunt_decor_cap, the_bakery,
          minmay_a_box_with_orc_wizards_in_it
D:8:      kennysheep_minor_cross, minmay_the_grid_2x2
D:9:      overflow_temple_1_default
D:10:     orc_0_dummy
D:11:     lair_entry_dummy
D:12:     bh_hangedman_babel_library
D:13:     special_room, lab_entry_generic, serial_shops, nicolae_shop_trees,
          minmay_liquid_box
D:14:     lightli_vaults_fourway_checkpoint, portal_ice_cave_demonic_guard,
          guppyfry_shop_blood, uniq_josephine
D:15:     hangedman_depths_entry_civil_slaughter
Temple:   nicolae_temple_figure_zero
Lair:1:   enter_volcano_4, serial_bayou_shore_b, lemuel_fruit_fields
Lair:2:   minmay_snake_entry_guardpost_large, serial_bayou_shore_a
Lair:3:   nicolae_swamp_entry_splash_gauntlet, serial_bayou_pond_d,
          gammafunk_lair_bear_cave, grunt_megastairs_1, lemuel_fruit_fields
Lair:4:   gammafunk_mikee_crab_dinner, grunt_megastairs_4
Lair:5:   guppyfry_lair_drakes
Lair:6:   gammafunk_lair_ancient_temple, dpeg_slime_entry_enclosed_altar,
          st_stairs_11, cheibrodos_lair_lostbears
Swamp:1:  basic_altar, swamp_pool4, infiniplex_staircase_pool, uniq_nikola
Swamp:2:  hangedman_swamp_diagram, swamp_pool4
Snake:1:  lemuel_fruit_tree
Orc:1:    biasface_ghost_orc_armoury
Orc:2:    st_orc_mages, nicolae_orc_damp_corner
Lab:      labyrinth_hidden_loot, nicolae_lab_diamond, nicolae_lab_lava,
          labyrinth_skeletal_remains, nicolae_lab_very_dead_end
Sewer:    sewer_co_15_rooms
IceCv:    ice_cave_small_necro
Volcano:  pf_volcano_lost_world

Skill      XL: |  1  2  3  4  5  6  7  8  9 10 11 12 13 14 15 16 |
---------------+-------------------------------------------------+-----
Spellcasting   | 3 4 5 6 8 9 10 11 12 13 14 15 | 15.0
Air Magic      | 3 4 5 6 8 9 10 11 12 13 14 15 | 15.0
Conjurations   | 3 7 9 10 11 12 13 14 15 | 15.0
Invocations    | 2 4 6 8 |  8.0
Shields        | 1 4 |  4.0
Dodging        | 4 |  4.1
Fighting       | 3 |  3.0
Stealth        | |  1.5

Action                   |  1- 3 |  4- 6 |  7- 9 | 10-12 | 13-15 | 16-18 || total
-------------------------+-------+-------+-------+-------+-------+-------++-------
Melee: Unarmed           |     8 |       |       |       |       |       ||     8
       Dagger            |    10 |    32 |     6 |       |       |       ||    48
       Club              |       |       |    79 |    15 |       |       ||    94
       Short sword       |       |       |       |    60 |    32 |     6 ||    98
       Great mace        |       |       |       |       |     8 |       ||     8
 Cast: Shock             |    68 |    76 |   172 |       |       |       ||   316
       Airstrike         |       |     2 |   118 |   390 |   454 |   118 ||  1082
       Swiftness         |       |       |     1 |     3 |     2 |       ||     6
       Lightning Bolt    |       |       |       |    34 |    87 |    11 ||   132
       Mephitic Cloud    |       |       |       |     4 |     1 |       ||     5
       Conjure Flame     |       |       |       |     2 |       |       ||     2
       Blink             |       |       |       |     3 |       |     5 ||     8
       Irradiate         |       |       |       |     3 |       |       ||     3
       Deflect Missiles  |       |       |       |       |     1 |       ||     1
       Orb of Destructio |       |       |       |       |   188 |    81 ||   269
Invok: Divine Energy     |       |       |     1 |       |       |       ||     1
       Channel Magic     |       |       |       |     2 |     5 |     1 ||     8
       Forget Spell      |       |       |       |       |     1 |       ||     1
Evoke: Wand              |       |       |       |    14 |     3 |       ||    17
  Use: Scroll            |       |     1 |    10 |    14 |     7 |     4 ||    36
Armor: Robe              |     7 |    11 |     4 |    75 |    64 |    16 ||   177
       Leather armour    |       |       |    55 |    14 |       |       ||    69
Dodge: Dodged            |    38 |    47 |   108 |   174 |   110 |    44 ||   521
       Deflected         |       |       |       |       |    11 |    22 ||    33
Block: Buckler           |       |       |       |       |    17 |    21 ||    38

Table legend:
 A = Non-vault XP
 B = Vault XP
 C = Vault XP percentage of total XP
 D = Non-vault monster count
 E = Vault monster count
 F = Vault count percentage of total count
                 A         B        C        D         E       F
            +---------+---------+-------+---------+---------+-------
      Total |  118256 |   79832 |  40.3 |     683 |     320 |  31.9
            +---------+---------+-------+---------+---------+-------
        D:1 |      43 |       0 |   0.0 |      25 |       0 |   0.0
        D:2 |      28 |       0 |   0.0 |      11 |       0 |   0.0
        D:3 |     163 |      41 |  20.1 |      34 |       4 |  10.5
        D:4 |     604 |     231 |  27.7 |      17 |      16 |  48.5
        D:5 |     769 |     212 |  21.6 |      20 |       2 |   9.1
        D:6 |     325 |     169 |  34.2 |      11 |       1 |   8.3
        D:7 |     844 |     474 |  36.0 |      24 |       7 |  22.6
        D:8 |    1813 |    2728 |  60.1 |      29 |      11 |  27.5
        D:9 |    2219 |       0 |   0.0 |      49 |       0 |   0.0
       D:10 |    2189 |       0 |   0.0 |      20 |       0 |   0.0
       D:11 |    2774 |       0 |   0.0 |      29 |       0 |   0.0
       D:12 |    5577 |    1914 |  25.6 |      20 |       3 |  13.0
       D:13 |    7736 |     849 |   9.9 |      42 |      24 |  36.4
       D:14 |   11953 |    9543 |  44.4 |      43 |      24 |  35.8
       D:15 |    4089 |    5429 |  57.0 |      11 |       6 |  35.3
     Lair:1 |    2508 |       0 |   0.0 |      10 |       0 |   0.0
     Lair:2 |    2458 |     815 |  24.9 |      18 |       5 |  21.7
     Lair:3 |    6186 |    1551 |  20.0 |      24 |       7 |  22.6
     Lair:4 |    9200 |   10443 |  53.2 |      38 |      12 |  24.0
     Lair:5 |    8090 |    2546 |  23.9 |      28 |       5 |  15.2
     Lair:6 |   16145 |   11065 |  40.7 |      49 |      30 |  38.0
    Swamp:1 |   10296 |    4121 |  28.6 |      29 |       1 |   3.3
    Swamp:2 |   14200 |       0 |   0.0 |      30 |       0 |   0.0
    Snake:1 |     932 |       0 |   0.0 |       2 |       0 |   0.0
      Orc:1 |    4082 |    4829 |  54.2 |      38 |      23 |  37.7
      Orc:2 |    3033 |    5266 |  63.5 |      32 |      36 |  52.9
        Lab |       0 |    3100 | 100.0 |       0 |      11 | 100.0
      Sewer |       0 |     323 | 100.0 |       0 |      15 | 100.0
      IceCv |       0 |    6538 | 100.0 |       0 |      54 | 100.0
    Volcano |       0 |    7645 | 100.0 |       0 |      23 | 100.0
            +---------+---------+-------+---------+---------+-------
